 Dungeon Crawl Stone Soup version 0.19.0 (webtiles) character file.

3895 Patate the Slicer (level 10, 0/51 HPs)
             Began as a Spriggan Assassin on Nov 1, 2016.
             Was a Priest of Dithmenos.
             Slain by a gargoyle
             ... wielding a +0 mace of crushing
              (3 damage)
             ... on level 9 of the Dungeon.
             The game lasted 00:43:42 (13677 turns).

Patate the Slicer (Spriggan Assassin)              Turns: 13677, Time: 00:43:42

Health: 0/51       AC:  4    Str:  7    XL:     10   Next: 0%
Magic:  11/11      EV: 28    Int: 12    God:    Dithmenos [***...]
Gold:   227        SH:  0    Dex: 28    Spells: 0 memorised, 9 levels left

rFire  . . .     SeeInvis +     a - +2 dagger (venom)
rCold  . . .     Gourm    .     c - +0 robe
rNeg   . . .     Faith    .     (shield restricted)
rPois  .         Spirit   .     (helmet restricted)
rElec  .         Reflect  .     d - +1 cloak
rCorr  +         Harm     .     (gloves unavailable)
MR     +....                    (boots unavailable)
Stlth  +++++++...               (no amulet)
                                o - +6 ring of dexterity
                                j - ring of resist corrosion

@: very slightly contaminated, wreathed by umbra, drained, very quick
A: unfitting armour, see invisible, herbivore 3, speed 3, slow metabolism 2
a: Shadow Step, Renounce Religion


You were on level 9 of the Dungeon.
You worshipped Dithmenos.
Dithmenos was most pleased with you.
You were not hungry.

You visited 2 branches of the dungeon, and saw 10 of its levels.

You collected 326 gold pieces.
You spent 99 gold pieces at shops.

Inventory:

Hand Weapons
 a - a +2 dagger of venom (weapon)
 b - a +0 blowgun
 r - a +2 dagger
Missiles
 e - 46 poisoned needles
 f - 2 curare-tipped needles
Armour
 c - a +0 robe (worn)
 d - a +1 cloak (worn)
Jewellery
 j - a ring of resist corrosion (left hand)
 o - a +6 ring of dexterity (right hand)
Wands
 k - a wand of teleportation (7/9)
 s - a wand of confusion (10/48)
 t - a wand of flame (29/48)
 w - a wand of teleportation (1/9)
 x - a wand of disintegration (17/24)
 y - a wand of paralysis (17/24)
Scrolls
 l - 3 scrolls of identify
 q - 2 scrolls of fear
 u - 2 scrolls of remove curse
Potions
 h - a potion of curing
 i - 3 potions of agility
 m - a potion of brilliance
Books
 p - a book of Minor Magic

   Spells                             Type                      Level
   a - Magic Dart                     Conjuration                  1
   b - Blink                          Translocation                2
   c - Call Imp                       Summoning                    2
   d - Repel Missiles                 Charms/Air                   2
   e - Slow                           Hexes                        2
   f - Conjure Flame                  Conjuration/Fire             3
   g - Mephitic Cloud                 Conjuration/Poison/Air       3
Comestibles
 g - 2 bread rations


   Skills:
 + Level 4.8(4.4) Fighting
 - Level 11.2(10.7) Short Blades
 - Level 2.0(1.6) Throwing
 - Level 9.3(8.8) Dodging
 + Level 10.3(9.8) Stealth


You had 9 spell levels left.
You didn't know any spells.

Dungeon Overview and Level Annotations

Branches:
Dungeon (9/15)             Temple (1/1) D:4
   Lair: D:8-11         Orc: D:9-12

Altars:
Ashenzari
Cheibriados
Dithmenos
Elyvilon
Fedhas
Gozag
Hepliaklqana
Kikubaaqudgha
Makhleb
Nemelex Xobeh
Okawaru
Qazlal
Ru
Sif Muna
Uskayaw
Vehumet
Xom
Yredelemnul
Zin
The Shining One

Shops:
D:5 !

Annotations:
D:8 Erica


Innate Abilities, Weirdness & Mutations

You are very small and have problems with some larger weapons.
You are too small for most types of armour.
You have supernaturally acute eyesight. (SInv)
You are a herbivore.
You cover ground extremely quickly.
You need consume almost no food.


Message History

You hit Psyche.
Psyche looks as sick as possible!
Psyche is almost dead.
Psyche gestures wildly while chanting.
Psyche seems to speed up.
You hit Psyche but do no damage.
Psyche is almost dead.
You kill Psyche!
Dithmenos accepts your kill.
Dithmenos appreciates your extinguishing a source of fire.
You have reached level 10!
You feel agile.
Things that are here:
a dagger of chaos; a robe; the human corpse of Psyche Blink to where?
Press: ? - help, Dir - move target cursor You are very lightly contaminated with residual magic.
As you read the scroll of blinking, it crumbles to dust.
The gargoyle hits you with a mace of crushing!
* * * LOW HITPOINT WARNING * * *
You die...

...... ......
..... >..# #..#
#..#
#####..##########
#$.$$..9.ยง.......
#.###.@##########
#..# #..# #..#
...# .#..# ..... #
.#..


You could see a gargoyle.

Vanquished Creatures
  Psyche (D:9)
  Prince Ribbit (D:5)
  A wyvern (D:8)
  3 hungry ghosts
  Menkaure (D:7)
  A water moccasin (D:6)
  An ice beast (D:7)
  2 sky beasts (D:8)
  2 orc warriors (D:7)
  2 ogres
  2 centaurs
  A big kobold (D:8)
  7 bullfrogs
  A scorpion (D:7)
  3 killer bees (D:8)
  4 wights (D:8)
  5 crimson imps
  A centaur zombie (D:6)
  A jelly (D:7)
  2 orc priests
  2 bullfrog skeletons
  An iguana (D:5)
  7 orc wizards
  5 worker ants
  A worker ant zombie (D:5)
  A gnoll (D:7)
  13 adders
  4 shadow imps
  2 oozes
  2 adder skeletons
  3 worms
  3 dart slugs (D:1)
  4 leopard geckos
  22 orcs
  8 bats
  5 giant cockroaches
  12 goblins
  5 hobgoblins
  17 jackals
  6 kobolds
  4 quokkas
  7 frilled lizards
  8 rats
184 creatures vanquished.

Notes
Turn   | Place    | Note
-------+----------+-------------------------------------------
     0 | D:1      | Patate the Spriggan Assassin began the quest for the Orb.
     0 | D:1      | Reached XP level 1. HP: 10/10 MP: 2/2
   253 | D:1      | Reached XP level 2. HP: 13/14 MP: 3/3
   575 | D:1      | Reached XP level 3. HP: 17/18 MP: 4/4
  1047 | D:2      | Found a shadowy altar of Dithmenos.
  1050 | D:2      | Became a worshipper of Dithmenos the Shadowed
  1689 | D:3      | Reached XP level 4. HP: 22/22 MP: 5/5
  1842 | D:3      | You fall through a shaft for 3 floors!
  1876 | D:6      | Reached * piety under Dithmenos
  1925 | D:5      | Entered Level 5 of the Dungeon
  2194 | D:4      | Reached XP level 5. HP: 25/25 MP: 6/6
  2415 | D:4      | Noticed an ogre
  2420 | D:4      | Killed an ogre
  2420 | D:4      | Reached skill level 3 in Short Blades
  2827 | D:3      | Reached XP level 6. HP: 20/30 MP: 7/7
  3069 | D:3      | Found a sacrificial altar of Ru.
  3251 | D:3      | Reached skill level 4 in Short Blades
  4768 | D:4      | Found a shimmering altar of Xom.
  5029 | D:4      | Found a staircase to the Ecumenical Temple.
  5068 | Temple   | Entered the Ecumenical Temple
  5390 | D:4      | Reached ** piety under Dithmenos
  5456 | D:4      | Found a hide-covered altar of Uskayaw.
  5456 | D:4      | Found an ancient bone altar of Kikubaaqudgha.
  5677 | D:5      | Reached skill level 5 in Short Blades
  5932 | D:5      | Found Urowk's Distillery.
  6279 | D:5      | Noticed Prince Ribbit
  6286 | D:5      | Killed Prince Ribbit
  6286 | D:5      | Reached XP level 7. HP: 36/36 MP: 3/8
  6347 | D:5      | Reached skill level 6 in Short Blades
  6425 | D:5      | Bought 2 potions of curing for 66 gold pieces
  6425 | D:5      | Bought a potion of curing for 33 gold pieces
  7352 | D:6      | Found a stormy altar of Qazlal.
  7396 | D:6      | Reached skill level 7 in Short Blades
  7403 | D:6      | Reached XP level 8. HP: 25/42 MP: 9/9
  7862 | D:6      | Reached skill level 8 in Short Blades
  8713 | D:7      | Reached skill level 9 in Short Blades
  9095 | D:7      | Reached skill level 10 in Short Blades
  9442 | D:7      | Reached XP level 9. HP: 37/46 MP: 10/10
  9524 | D:7      | Noticed Menkaure
  9795 | D:7      | HP: 1/46 [centaur/arrow (12)]
 10266 | D:7      | Reached skill level 11 in Short Blades
 10737 | D:7      | Found a sparkling altar of Nemelex Xobeh.
 10780 | D:7      | Killed Menkaure
 11126 | D:7      | Reached skill level 5 in Dodging
 11161 | D:7      | Reached *** piety under Dithmenos
 11572 | D:7      | Found an iron altar of Okawaru.
 12532 | D:7      | Upgraded the game from 0.19-b1-5-gdc9fa9d to 0.19.0
 13078 | D:8      | Noticed Erica
 13096 | D:8      | Found a radiant altar of Vehumet.
 13517 | D:8      | Reached skill level 10 in Stealth
 13656 | D:9      | Noticed Psyche
 13667 | D:9      | Noticed a gargoyle
 13674 | D:9      | Killed Psyche
 13674 | D:9      | Reached XP level 10. HP: 20/51 MP: 11/11
 13677 | D:9      | Slain by a gargoyle

Skill      XL: |  1  2  3  4  5  6  7  8  9 |
---------------+----------------------------+-----
Stealth        | 6 7 8 9 10 | 10.3
Fighting       | 2 3 4 |  4.8
Short Blades   | 3 5 7 10 11 | 11.2
Dodging        | 9 |  9.3
Throwing       | |  2.0

Action                   |  1- 3 |  4- 6 |  7- 9 | 10-12 || total
-------------------------+-------+-------+-------+-------++-------
Melee: Dagger            |   112 |   216 |   564 |       ||   892
 Fire: Blowgun           |     1 |    39 |   138 |       ||   178
Invok: Shadow Step       |       |     1 |       |       ||     1
  Use: Scroll            |     4 |     7 |     5 |     1 ||    17
       Potion            |       |     3 |     3 |       ||     6
 Stab: Sleeping          |    16 |    18 |    10 |       ||    44
       Paralysed         |       |     1 |       |       ||     1
       Distracted        |       |       |     3 |       ||     3
  Eat: Pizza             |       |     1 |       |       ||     1
       Royal jelly       |       |       |     1 |       ||     1
       Fruit             |       |       |     3 |       ||     3
       Bread ration      |       |       |     2 |       ||     2
Armor: Robe              |    14 |    24 |    20 |       ||    58
       Skin              |       |     2 |       |       ||     2
Dodge: Dodged            |    88 |   133 |   309 |       ||   530
